Thunderbirds vs Little Stars
(R1)
Created - November 19, 2024 at 19:36
Goals
|
| Thunderbirds |
1 |
2 |
1 |
4 |
| Little Stars |
0 |
1 |
0 |
1 |
|
Shots
|
| Thunderbirds |
9 |
11 |
11 |
31 |
| Little Stars |
8 |
8 |
2 |
18 |
|
1st period
1. Thunderbirds , Joachim Blichfeld 12 (Calen Addison 1, Rourke Chartier 11) at 3:11
Penalties :
Dylan Sikura (Spr) for Holding (Minor) at 5:41
2nd period
2. Little Stars , Shane Gersich 8 (Matt Luff 6) at 1:29 (PP)
3. Thunderbirds , Trent Frederic 1 (Jeremy Lauzon 12) at 5:39
4. Thunderbirds , Rasmus Kupari 1 (Artturi Lehkonen 3, Trey Fix-Wolansky 1) at 16:14
Penalties :
Sami Niku (Spr) for Interference (Minor) at 0:37, Radel Fazleev (Tex) for Interference (Minor) at 13:34, Jeremy Lauzon (Spr) for High sticking (Minor) at 17:55
3rd period
5. Thunderbirds , Rasmus Kupari 2 (Artturi Lehkonen 4, Sami Niku 5) at 6:39
Penalties :
Rourke Chartier (Spr) for Delaying the game (Minor) at 2:03, Shane Gersich (Tex) for Cross-checking (Minor) at 8:36, Jeremy Lauzon (Spr) for Checking from behind (Minor) at 17:25, Trey Fix-Wolansky (Spr) for Slashing (Minor) at 19:16
Goalie Stats
Emil Larmi (Spr), 17 saves from 18 shots - (0.944), W, 7-5-0, 60:00 minutes
Danil Tarasov (Tex), 27 saves from 31 shots - (0.871), L, 4-6-0, 60:00 minutes
Players Stats for Thunderbirds
Player Name G A P +/- PIM S H SB GA TA FO MP PP MP PK MP
------------------------------------------------------------------------------------
Anthony Richard 0 0 0 0 0 3 0 0 0 0 4/8 16:48 1:49 3:08
Artturi Lehkonen 0 2 2 2 0 1 0 0 0 0 0/0 10:23 0:00 0:54
Calen Addison 0 1 1 3 0 0 1 0 0 0 0/0 17:14 1:26 1:10
Dylan Blujus 0 0 0 3 0 0 3 2 0 0 0/0 20:25 0:00 4:28
Dylan Sikura 0 0 0 0 2 0 5 0 0 0 0/0 13:42 0:00 1:49
Emil Bemstrom 0 0 0 1 0 3 1 0 0 0 0/0 11:30 1:49 0:00
Frederic Allard 0 0 0 0 0 0 0 1 0 0 0/0 15:49 0:00 4:31
Henri Jokiharju 0 0 0 1 0 2 2 1 1 1 0/0 25:14 1:26 5:02
Jeremy Lauzon 0 1 1 1 4 1 2 3 1 1 0/0 25:23 2:32 2:29
Joachim Blichfeld 1 0 1 1 0 6 5 0 0 1 2/2 17:47 2:09 0:00
Michael Rasmussen 0 0 0 0 0 0 1 0 0 1 1/1 13:58 2:07 0:00
Paul Cotter 0 0 0 1 0 1 1 0 0 0 0/0 11:30 1:49 0:00
Pierre Engvall 0 0 0 1 0 1 4 2 0 0 2/2 20:45 0:00 5:20
Rasmus Kupari 2 0 2 2 0 6 1 0 0 0 3/4 9:27 0:00 0:03
Rourke Chartier 0 1 1 1 2 5 0 0 0 1 9/22 17:46 2:09 0:00
Sami Niku 0 1 1 0 2 0 0 2 1 1 0/0 16:01 2:32 1:10
Trent Frederic 1 0 1 1 0 1 1 3 0 0 3/9 15:23 0:02 5:27
Trey Fix-Wolansky 0 1 1 2 2 1 0 0 0 0 0/0 11:18 0:00 1:52
Players Stats for Little Stars
Player Name G A P +/- PIM S H SB GA TA FO MP PP MP PK MP
------------------------------------------------------------------------------------
Aidan Mcdonough 0 0 0 0 0 1 1 0 0 0 0/0 11:00 0:00 0:30
Cal Burke 0 0 0 0 0 1 0 0 1 0 0/0 10:16 0:00 0:00
Connor Mackey 0 0 0 -2 0 0 0 1 0 0 0/0 13:09 0:00 0:00
Daniel O'regan 0 0 0 -1 0 1 0 0 0 0 6/11 4:47 1:02 0:00
Emile Poirier 0 0 0 -1 0 1 0 2 0 0 6/15 22:51 5:30 2:03
Filip Chytil 0 0 0 -1 0 0 0 0 0 0 2/5 16:51 1:47 1:41
Jason Dickinson 0 0 0 -1 0 1 1 1 0 0 3/7 15:05 2:59 1:28
Joey Anderson 0 0 0 0 0 1 1 0 0 2 0/0 10:55 0:21 0:00
Jonathan Dahlen 0 0 0 0 0 0 0 0 0 0 0/0 12:52 1:13 1:19
Justin Auger 0 0 0 -2 0 1 1 3 0 0 3/4 16:56 3:52 0:00
Lawrence Pilut 0 0 0 -2 0 1 1 1 0 0 0/0 13:09 0:00 0:00
Matt Luff 0 1 1 -3 0 0 0 0 0 0 2/3 21:29 5:42 0:00
Radel Fazleev 0 0 0 0 2 2 1 0 0 0 1/2 10:31 0:00 0:00
Reece Willcox 0 0 0 -2 0 2 1 1 1 0 0/0 26:05 5:45 2:03
Samuel Girard 0 0 0 -2 0 0 1 2 0 0 0/0 26:05 5:45 2:03
Shane Gersich 1 0 1 -3 2 5 3 0 2 0 1/1 22:27 5:43 0:55
Tucker Poolman 0 0 0 0 0 0 0 1 1 1 0/0 20:46 3:38 1:55
Ville Pokka 0 0 0 0 0 1 0 3 1 0 0/0 20:46 3:38 1:55
3 Stars
1 - Rasmus Kupari (Spr)
2 - Joachim Blichfeld (Spr)
3 - Trent Frederic (Spr)
Power Play
Thunderbirds - 0 on 2 Attempt(s) - 0.00%
Little Stars - 1 on 6 Attempt(s) - 16.67%
Penalty Kill
Thunderbirds - 5 on 6 Attempt(s) - 83.33%
- Score 0 goal in Penalty Kill
Little Stars - 2 on 2 Attempt(s) - 100.00%
- Score 0 goal in Penalty Kill
Team Stat
Thunderbirds - Hits : 27 - Faceoff Wins : 24 - Blocked Shots : 14 - Penalty Minutes : 12
Little Stars - Hits : 11 - Faceoff Wins : 24 - Blocked Shots : 15 - Penalty Minutes : 4
Official
Referees : Ghislain Hebert and Brian Pochmara
Linesman : James Tobias and Andrew Smith
Game Notes
Daniel O'regan is injured at 12:33 of 1st period (Lower Body)
Finance
Level 1 -- Attendance: 1727 (86.35%) -- Ticket Income $120,890
Level 2 -- Attendance: 1000 (100.00%) -- Ticket Income $40,000
Total Attendance: 2727 (90.90%)
Total Ticket Income: $160,890
Other Income: $8,044
Total Income: $168,934
Thunderbirds
5 vs 5 Forward
Center Left Wing Right Wing Time % Phy DF OF
1 Rourke Chartier Pierre Engvall Joachim Blichfeld 40 1 2 2
2 Anthony Richard Michael Rasmussen Dylan Sikura 30 1 2 2
3 Trent Frederic Paul Cotter Emil Bemstrom 20 1 2 2
4 Rasmus Kupari Artturi Lehkonen Trey Fix-Wolansky 10 1 2 2
5 vs 5 Defense
Defense Defense Time % Phy DF OF
1 Jeremy Lauzon Henri Jokiharju 40 1 2 2
2 Dylan Blujus Calen Addison 30 1 2 2
3 Frederic Allard Sami Niku 20 1 2 2
4 Jeremy Lauzon Dylan Blujus 10 1 2 2
PowerPlay Forward
Center Left Wing Right Wing Time % Phy DF OF
1 Rourke Chartier Michael Rasmussen Joachim Blichfeld 60 1 2 2
2 Anthony Richard Paul Cotter Emil Bemstrom 40 1 2 2
PowerPlay Defense
Defense Defense Time % Phy DF OF
1 Sami Niku Jeremy Lauzon 60 1 2 2
2 Calen Addison Henri Jokiharju 40 1 2 2
Penalty Kill 4 Players Forward
Center Wing Time % Phy DF OF
1 Trent Frederic Pierre Engvall 60 1 2 2
2 Anthony Richard Dylan Sikura 40 1 2 2
Penalty Kill 4 Players Defense
Defense Defense Time % Phy DF OF
1 Henri Jokiharju Jeremy Lauzon 60 1 2 2
2 Dylan Blujus Frederic Allard 40 1 2 2
Penalty Kill - 3 Players Forward
Forward Time % Phy DF OF
1 Trent Frederic 60 1 2 2
2 Anthony Richard 40 1 2 2
Penalty Kill - 3 Players Defense
Defense Defense Time % Phy DF OF
1 Dylan Blujus Henri Jokiharju 60 1 2 2
2 Jeremy Lauzon Frederic Allard 40 1 2 2
4 vs 4 Forward
Center Wing Time % Phy DF OF
1 Rourke Chartier Michael Rasmussen 60 1 2 2
2 Anthony Richard Artturi Lehkonen 40 1 2 2
4 vs 4 Defense
Defense Defense Time % Phy DF OF
1 Henri Jokiharju Dylan Blujus 60 1 2 2
2 Calen Addison Jeremy Lauzon 40 1 2 2
Last Minutes Offensive
Center Left Wing Right Wing Defense Defense
Rourke Chartier Michael Rasmussen Joachim Blichfeld Jeremy Lauzon Sami Niku
Last Minutes Defensive
Center Left Wing Right Wing Defense Defense
Trent Frederic Pierre Engvall Dylan Sikura Henri Jokiharju Frederic Allard
Goaltenders
Starting : Emil Larmi
Backup : Magnus Hellberg
Extra Forwards
Normal : Rasmus Kupari, Dylan Sikura, Trey Fix-Wolansky - PP : Trent Frederic, Artturi Lehkonen - PK : Trey Fix-Wolansky
Extra Defensemen
Normal : Frederic Allard, Sami Niku, Jeremy Lauzon - PP : Sami Niku - PK : Frederic Allard, Dylan Blujus
Penalty Shots
Rourke Chartier, Anthony Richard, Joachim Blichfeld, Trey Fix-Wolansky, Rasmus Kupari
Custom OT Lines Forwards
Rourke Chartier, Pierre Engvall, Dylan Sikura, Joachim Blichfeld, Anthony Richard, Trent Frederic, Artturi Lehkonen, Michael Rasmussen, Emil Bemstrom, Paul Cotter
Custom OT Lines Defensemen
Jeremy Lauzon, Henri Jokiharju, Dylan Blujus, Frederic Allard, Calen Addison
Scratches
Nathan Smith (Healthy), Matt Roy (Bruised Left Foot Injury), Alex Vlasic (Healthy), Rafael Harvey-Pinard (Healthy), Nicholas Robertson (Healthy)
Arturs Silovs (Healthy)
Little Stars
5 vs 5 Forward
Center Left Wing Right Wing Time % Phy DF OF
1 Daniel O'regan Shane Gersich Matt Luff 40 1 2 2
2 Jason Dickinson Emile Poirier Justin Auger 30 1 2 2
3 Filip Chytil Jonathan Dahlen Cal Burke 20 1 2 2
4 Radel Fazleev Aidan Mcdonough Joey Anderson 10 1 2 2
5 vs 5 Defense
Defense Defense Time % Phy DF OF
1 Reece Willcox Samuel Girard 40 1 2 2
2 Tucker Poolman Ville Pokka 30 1 2 2
3 Connor Mackey Lawrence Pilut 20 1 2 2
4 Reece Willcox Samuel Girard 10 1 2 2
PowerPlay Forward
Center Left Wing Right Wing Time % Phy DF OF
1 Daniel O'regan Shane Gersich Matt Luff 60 0 2 3
2 Jason Dickinson Emile Poirier Justin Auger 40 0 2 3
PowerPlay Defense
Defense Defense Time % Phy DF OF
1 Reece Willcox Samuel Girard 60 1 2 2
2 Tucker Poolman Ville Pokka 40 1 2 2
Penalty Kill 4 Players Forward
Center Wing Time % Phy DF OF
1 Daniel O'regan Shane Gersich 60 1 2 2
2 Jason Dickinson Emile Poirier 40 1 2 2
Penalty Kill 4 Players Defense
Defense Defense Time % Phy DF OF
1 Reece Willcox Samuel Girard 60 0 3 2
2 Tucker Poolman Ville Pokka 40 0 3 2
Penalty Kill - 3 Players Forward
Forward Time % Phy DF OF
1 Daniel O'regan 60 1 2 2
2 Jason Dickinson 40 1 2 2
Penalty Kill - 3 Players Defense
Defense Defense Time % Phy DF OF
1 Reece Willcox Samuel Girard 60 0 3 2
2 Tucker Poolman Ville Pokka 40 0 3 2
4 vs 4 Forward
Center Wing Time % Phy DF OF
1 Daniel O'regan Shane Gersich 60 0 2 3
2 Jason Dickinson Emile Poirier 40 0 2 3
4 vs 4 Defense
Defense Defense Time % Phy DF OF
1 Reece Willcox Samuel Girard 60 1 2 2
2 Tucker Poolman Ville Pokka 40 1 2 2
Last Minutes Offensive
Center Left Wing Right Wing Defense Defense
Daniel O'regan Shane Gersich Matt Luff Reece Willcox Samuel Girard
Last Minutes Defensive
Center Left Wing Right Wing Defense Defense
Daniel O'regan Shane Gersich Matt Luff Reece Willcox Samuel Girard
Goaltenders
Starting : Danil Tarasov
Backup : Ilya Konovalov
Extra Forwards
Normal : Emile Poirier, Justin Auger, Filip Chytil - PP : Emile Poirier, Justin Auger - PK : Emile Poirier
Extra Defensemen
Normal : Ville Pokka, Connor Mackey, Lawrence Pilut - PP : Ville Pokka - PK : Ville Pokka, Connor Mackey
Penalty Shots
Daniel O'regan, Matt Luff, Shane Gersich, Jason Dickinson, Emile Poirier
Custom OT Lines Forwards
Daniel O'regan, Matt Luff, Shane Gersich, Jason Dickinson, Emile Poirier, Justin Auger, Filip Chytil, Radel Fazleev, Jonathan Dahlen, Aidan Mcdonough
Custom OT Lines Defensemen
Reece Willcox, Samuel Girard, Tucker Poolman, Ville Pokka, Connor Mackey
Scratches
Jack McBain (Healthy), Jean-Christophe Beaudin (Healthy), Rudolfs Balcers (Healthy), Yakov Trenin (Healthy), Givani Smith (Healthy)
Blade Jenkins (Healthy), Bulat Shafigullin (Healthy), Victor Soderstrom (Healthy), Rhett Pitlick (Healthy), Michael Giugovaz (Healthy)
% Time on Ice - Thunderbirds
Lines # - Real PCT - Wanted PCT - Time Play
Normal Forward
1 - 34% - 40% - 15:43
2 - 26% - 30% - 11:54
3 - 21% - 20% - 9:41
4 - 20% - 10% - 9:21
Normal Defense
1 - 40% - 40% - 18:40
2 - 32% - 30% - 14:57
3 - 24% - 20% - 11:18
4 - 4% - 10% - 1:44
PP Forward
1 - 54% - 60% - 2:09
2 - 46% - 40% - 1:49
PP Defense
1 - 64% - 60% - 2:32
2 - 36% - 40% - 1:26
PK Forward
1 - 74% - 60% - 6:52
2 - 26% - 40% - 2:23
PK Defense
1 - 67% - 60% - 6:12
2 - 33% - 40% - 3:03
PK3 Forward
1 - 100% - 60% - 0:08
2 - 0% - 40% - 0:00
PK3 Defense
1 - 0% - 60% - 0:00
2 - 100% - 40% - 0:08
44 Forward
1 - 0% - 60%
2 - 0% - 40%
44 Defense
1 - 0% - 60%
2 - 0% - 40%
Last Minute Offensive - 0:00
Last Minute Defensive - 0:00
Total
Forward - 60:00
Defense - 60:00
|
% Time on Ice - Little Stars
Lines # - Real PCT - Wanted PCT - Time Play
Normal Forward
1 - 34% - 40% - 16:00
2 - 21% - 30% - 9:54
3 - 22% - 20% - 10:16
4 - 22% - 10% - 10:29
Normal Defense
1 - 35% - 40% - 16:20
2 - 33% - 30% - 15:13
3 - 28% - 20% - 13:09
4 - 4% - 10% - 1:57
PP Forward
1 - 71% - 60% - 6:37
2 - 29% - 40% - 2:46
PP Defense
1 - 61% - 60% - 5:45
2 - 39% - 40% - 3:38
PK Forward
1 - 100% - 60% - 3:58
2 - 0% - 40% - 0:00
PK Defense
1 - 52% - 60% - 2:03
2 - 48% - 40% - 1:55
PK3 Forward
1 - 0% - 60%
2 - 0% - 40%
PK3 Defense
1 - 0% - 60%
2 - 0% - 40%
44 Forward
1 - 0% - 60%
2 - 0% - 40%
44 Defense
1 - 0% - 60%
2 - 0% - 40%
Last Minute Offensive - 0:00
Last Minute Defensive - 0:00
Total
Forward - 60:00
Defense - 60:00
|
Play-by-Play
1st period
0:01 of 1st period - Joachim Blichfeld wins face-off versus Daniel O'regan in neutral zone.
0:12 of 1st period - Wrist shot by Daniel O'regan.
0:12 of 1st period - Stopped by Emil Larmi with a rebound.
0:14 of 1st period - Snap shot by Daniel O'regan.
0:14 of 1st period - Shot Blocked by Pierre Engvall.
0:16 of 1st period - Snap shot by Reece Willcox.
0:16 of 1st period - Shot Misses the Net.
0:26 of 1st period - Reece Willcox is hit by Henri Jokiharju and loses puck.
0:33 of 1st period - Wrist shot by Dylan Sikura.
0:33 of 1st period - Shot Misses the Net.
0:35 of 1st period - Slapshot by Dylan Blujus.
0:35 of 1st period - Shot Misses the Net.
0:37 of 1st period - Snap shot by Anthony Richard.
0:37 of 1st period - Shot Misses the Net.
0:39 of 1st period - Backhand shot by Anthony Richard.
0:39 of 1st period - Shot Blocked by Samuel Girard.
2:13 of 1st period - Wrist shot by Paul Cotter.
2:13 of 1st period - Shot Misses the Net.
2:15 of 1st period - Slapshot by Henri Jokiharju.
2:15 of 1st period - Shot Hit the Post.
2:17 of 1st period - Slapshot by Henri Jokiharju.
2:17 of 1st period - Stopped by Danil Tarasov with a rebound.
2:57 of 1st period - Snap shot by Rourke Chartier.
2:57 of 1st period - Stopped by Danil Tarasov without a rebound.
2:58 of 1st period - Rourke Chartier wins face-off versus Daniel O'regan in Little Stars zone.
3:07 of 1st period - Backhand shot by Rourke Chartier.
3:07 of 1st period - Shot Blocked by Connor Mackey.
3:09 of 1st period - Wrist shot by Rourke Chartier.
3:09 of 1st period - Stopped by Danil Tarasov with a rebound.
3:11 of 1st period - Slapshot by Calen Addison.
3:11 of 1st period - Deflect By Joachim Blichfeld.
3:11 of 1st period - Goal by Joachim Blichfeld - Thunderbirds : 1 - Little Stars : 0.
3:12 of 1st period - Daniel O'regan wins face-off versus Anthony Richard in neutral zone.
4:12 of 1st period - Snap shot by Emil Bemstrom.
4:12 of 1st period - Stopped by Danil Tarasov with a rebound.
4:28 of 1st period - Wrist shot by Aidan Mcdonough.
4:28 of 1st period - Shot Misses the Net.
4:30 of 1st period - Wrist shot by Radel Fazleev.
4:30 of 1st period - Shot Hit the Post.
4:32 of 1st period - Slapshot by Lawrence Pilut.
4:32 of 1st period - Shot Misses the Net.
4:34 of 1st period - Wrist shot by Joey Anderson.
4:34 of 1st period - Stopped by Emil Larmi without a rebound.
4:35 of 1st period - Shane Gersich wins face-off versus Rourke Chartier in Thunderbirds zone.
4:36 of 1st period - Snap shot by Daniel O'regan.
4:36 of 1st period - Shot Blocked by Sami Niku.
4:38 of 1st period - Slapshot by Reece Willcox.
4:38 of 1st period - Stopped by Emil Larmi without a rebound.
4:39 of 1st period - Daniel O'regan wins face-off versus Rourke Chartier in Thunderbirds zone.
4:46 of 1st period - Wrist shot by Joachim Blichfeld.
4:46 of 1st period - Stopped by Danil Tarasov without a rebound.
4:47 of 1st period - Anthony Richard wins face-off versus Daniel O'regan in Little Stars zone.
5:09 of 1st period - Icing by Reece Willcox.
5:10 of 1st period - Daniel O'regan wins face-off versus Rourke Chartier in Little Stars zone.
5:10 of 1st period - Daniel O'regan is hit by Pierre Engvall.
5:22 of 1st period - Slapshot by Jonathan Dahlen.
5:22 of 1st period - Shot Blocked by Dylan Blujus.
5:41 of 1st period - Minor Penalty to Dylan Sikura for Holding.
5:42 of 1st period - Daniel O'regan wins face-off versus Trent Frederic in Thunderbirds zone.
7:41 of 1st period - Penalty to Dylan Sikura is over, Dylan Sikura is back on ice.
7:49 of 1st period - Slapshot by Paul Cotter.
7:49 of 1st period - Stopped by Danil Tarasov without a rebound.
7:50 of 1st period - Filip Chytil wins face-off versus Trent Frederic in Little Stars zone.
8:05 of 1st period - Slapshot by Samuel Girard.
8:05 of 1st period - Shot Blocked by Sami Niku.
8:15 of 1st period - Dylan Sikura is hit by Aidan Mcdonough and loses puck.
8:20 of 1st period - Wrist shot by Radel Fazleev.
8:20 of 1st period - Shot Misses the Net.
8:56 of 1st period - Emile Poirier is hit by Jeremy Lauzon.
8:57 of 1st period - Icing by Emile Poirier.
8:58 of 1st period - Anthony Richard wins face-off versus Jason Dickinson in Little Stars zone.
8:59 of 1st period - Snap shot by Dylan Sikura.
8:59 of 1st period - Shot Misses the Net.
9:01 of 1st period - Snap shot by Anthony Richard.
9:01 of 1st period - Shot Blocked by Emile Poirier.
9:03 of 1st period - Snap shot by Anthony Richard.
9:03 of 1st period - Stopped by Danil Tarasov without a rebound.
9:04 of 1st period - Matt Luff wins face-off versus Anthony Richard in Little Stars zone.
9:09 of 1st period - Snap shot by Shane Gersich.
9:09 of 1st period - Shot Misses the Net.
9:53 of 1st period - Tucker Poolman is hit by Paul Cotter and loses puck.
10:31 of 1st period - Off-side.
10:32 of 1st period - Rasmus Kupari wins face-off versus Jason Dickinson in neutral zone.
10:45 of 1st period - Slapshot by Justin Auger.
10:45 of 1st period - Shot Misses the Net.
10:47 of 1st period - Slapshot by Jason Dickinson.
10:47 of 1st period - Stopped by Emil Larmi without a rebound.
10:48 of 1st period - Rourke Chartier wins face-off versus Daniel O'regan in Thunderbirds zone.
11:01 of 1st period - Wrist shot by Shane Gersich.
11:01 of 1st period - Stopped by Emil Larmi without a rebound.
11:02 of 1st period - Joachim Blichfeld wins face-off versus Matt Luff in Thunderbirds zone.
12:18 of 1st period - Wrist shot by Daniel O'regan.
12:18 of 1st period - Shot Misses the Net.
12:20 of 1st period - Wrist shot by Shane Gersich.
12:20 of 1st period - Deflect By Artturi Lehkonen.
12:20 of 1st period - Shot Misses the Net.
12:20 of 1st period - Puck is out of play.
12:21 of 1st period - Daniel O'regan wins face-off versus Rourke Chartier in Thunderbirds zone.
12:22 of 1st period - Snap shot by Shane Gersich.
12:22 of 1st period - Deflect By Pierre Engvall.
12:22 of 1st period - Shot Blocked by Pierre Engvall.
12:22 of 1st period - Puck is out of play.
12:23 of 1st period - Pierre Engvall wins face-off versus Daniel O'regan in Thunderbirds zone.
12:31 of 1st period - Icing by Daniel O'regan.
12:32 of 1st period - Daniel O'regan wins face-off versus Rourke Chartier in Little Stars zone.
12:32 of 1st period - Daniel O'regan is hit by Pierre Engvall.
12:33 of 1st period - Daniel O'regan from Little Stars is injured at 12:33 of 1st period (Lower Body).
12:34 of 1st period - Rourke Chartier wins face-off versus Emile Poirier in Little Stars zone.
12:37 of 1st period - Snap shot by Rourke Chartier.
12:37 of 1st period - Shot Blocked by Tucker Poolman.
13:28 of 1st period - Slapshot by Jason Dickinson.
13:28 of 1st period - Shot Blocked by Trent Frederic.
13:30 of 1st period - Slapshot by Lawrence Pilut.
13:30 of 1st period - Stopped by Emil Larmi without a rebound.
13:31 of 1st period - Rourke Chartier wins face-off versus Emile Poirier in Thunderbirds zone.
13:31 of 1st period - Rourke Chartier is hit by Shane Gersich.
13:37 of 1st period - Matt Luff is hit by Joachim Blichfeld and loses puck.
13:58 of 1st period - Lawrence Pilut is hit by Dylan Blujus and loses puck.
14:39 of 1st period - Joey Anderson is hit by Rasmus Kupari and loses puck.
14:46 of 1st period - Snap shot by Artturi Lehkonen.
14:46 of 1st period - Shot Misses the Net.
15:08 of 1st period - Connor Mackey is hit by Pierre Engvall and loses puck.
15:21 of 1st period - Wrist shot by Shane Gersich.
15:21 of 1st period - Stopped by Emil Larmi with a rebound.
15:49 of 1st period - Wrist shot by Emil Bemstrom.
15:49 of 1st period - Stopped by Danil Tarasov without a rebound.
15:50 of 1st period - Jason Dickinson wins face-off versus Rourke Chartier in Little Stars zone.
15:57 of 1st period - Wrist shot by Justin Auger.
15:57 of 1st period - Stopped by Emil Larmi with a rebound.
16:05 of 1st period - Slapshot by Joachim Blichfeld.
16:05 of 1st period - Shot Misses the Net.
16:07 of 1st period - Slapshot by Calen Addison.
16:07 of 1st period - Shot Blocked by Jason Dickinson.
16:52 of 1st period - Snap shot by Paul Cotter.
16:52 of 1st period - Shot Blocked by Ville Pokka.
17:45 of 1st period - Filip Chytil is hit by Dylan Blujus.
18:06 of 1st period - Samuel Girard is hit by Pierre Engvall and loses puck.
19:05 of 1st period - Emile Poirier is hit by Michael Rasmussen and loses puck.
19:28 of 1st period - Joachim Blichfeld is hit by Lawrence Pilut and loses puck.
19:35 of 1st period - Lawrence Pilut is hit by Joachim Blichfeld and loses puck.
19:46 of 1st period - Matt Luff is hit by Trent Frederic and loses puck.
Goals for this period are 1 for Thunderbirds vs 0 for Little Stars.
Shots for this period are 9 for Thunderbirds vs 8 for Little Stars.
2nd period
0:01 of 2nd period - Pierre Engvall wins face-off versus Emile Poirier in neutral zone.
0:06 of 2nd period - Slapshot by Joachim Blichfeld.
0:06 of 2nd period - Shot Misses the Net.
0:08 of 2nd period - Wrist shot by Joachim Blichfeld.
0:08 of 2nd period - Shot Misses the Net.
0:10 of 2nd period - Snap shot by Pierre Engvall.
0:10 of 2nd period - Stopped by Danil Tarasov without a rebound.
0:11 of 2nd period - Rourke Chartier wins face-off versus Emile Poirier in Little Stars zone.
0:20 of 2nd period - Dylan Blujus is hit by Reece Willcox.
0:37 of 2nd period - Minor Penalty to Sami Niku for Interference.
0:38 of 2nd period - Emile Poirier wins face-off versus Trent Frederic in Thunderbirds zone.
0:39 of 2nd period - Wrist shot by Shane Gersich.
0:39 of 2nd period - Shot Blocked by Trent Frederic.
0:41 of 2nd period - Slapshot by Reece Willcox.
0:41 of 2nd period - Deflect By Shane Gersich.
0:41 of 2nd period - Shot Misses the Net.
0:41 of 2nd period - Puck is out of play.
0:42 of 2nd period - Emile Poirier wins face-off versus Trent Frederic in Thunderbirds zone.
1:07 of 2nd period - Snap shot by Matt Luff.
1:07 of 2nd period - Shot Blocked by Jeremy Lauzon.
1:09 of 2nd period - Backhand shot by Shane Gersich.
1:09 of 2nd period - Stopped by Emil Larmi with a rebound.
1:11 of 2nd period - Snap shot by Matt Luff.
1:11 of 2nd period - Shot Blocked by Trent Frederic.
1:21 of 2nd period - Snap shot by Emile Poirier.
1:21 of 2nd period - Shot Blocked by Henri Jokiharju.
1:29 of 2nd period - Snap shot by Shane Gersich.
1:29 of 2nd period - Goal by Shane Gersich - Thunderbirds : 1 - Little Stars : 1.
1:30 of 2nd period - Anthony Richard wins face-off versus Filip Chytil in neutral zone.
1:55 of 2nd period - Tucker Poolman is hit by Joachim Blichfeld and loses puck.
2:06 of 2nd period - Snap shot by Joachim Blichfeld.
2:06 of 2nd period - Stopped by Danil Tarasov with a rebound.
3:04 of 2nd period - Snap shot by Anthony Richard.
3:04 of 2nd period - Stopped by Danil Tarasov with a rebound.
3:24 of 2nd period - Slapshot by Shane Gersich.
3:24 of 2nd period - Stopped by Emil Larmi without a rebound.
3:25 of 2nd period - Justin Auger wins face-off versus Rourke Chartier in Thunderbirds zone.
4:50 of 2nd period - Snap shot by Rourke Chartier.
4:50 of 2nd period - Stopped by Danil Tarasov with a rebound.
4:54 of 2nd period - Snap shot by Rourke Chartier.
4:54 of 2nd period - Shot Misses the Net.
4:56 of 2nd period - Backhand shot by Joachim Blichfeld.
4:56 of 2nd period - Stopped by Danil Tarasov with a rebound.
5:04 of 2nd period - Slapshot by Joachim Blichfeld.
5:04 of 2nd period - Stopped by Danil Tarasov without a rebound.
5:05 of 2nd period - Michael Rasmussen wins face-off versus Jason Dickinson in Little Stars zone.
5:24 of 2nd period - Justin Auger is hit by Dylan Sikura and loses puck.
5:39 of 2nd period - Snap shot by Trent Frederic.
5:39 of 2nd period - Goal by Trent Frederic - Thunderbirds : 2 - Little Stars : 1.
5:40 of 2nd period - Matt Luff wins face-off versus Anthony Richard in neutral zone.
5:43 of 2nd period - Slapshot by Reece Willcox.
5:43 of 2nd period - Shot Blocked by Jeremy Lauzon.
6:17 of 2nd period - Wrist shot by Cal Burke.
6:17 of 2nd period - Stopped by Emil Larmi with a rebound.
6:38 of 2nd period - Off-side.
6:39 of 2nd period - Jason Dickinson wins face-off versus Rourke Chartier in neutral zone.
7:16 of 2nd period - Off-side.
7:17 of 2nd period - Filip Chytil wins face-off versus Rourke Chartier in neutral zone.
8:15 of 2nd period - Snap shot by Emil Bemstrom.
8:15 of 2nd period - Shot Blocked by Reece Willcox.
8:17 of 2nd period - Wrist shot by Henri Jokiharju.
8:17 of 2nd period - Stopped by Danil Tarasov without a rebound.
8:18 of 2nd period - Rourke Chartier wins face-off versus Filip Chytil in Little Stars zone.
8:21 of 2nd period - Snap shot by Rourke Chartier.
8:21 of 2nd period - Shot Blocked by Ville Pokka.
9:06 of 2nd period - Slapshot by Ville Pokka.
9:06 of 2nd period - Shot Blocked by Frederic Allard.
11:17 of 2nd period - Joey Anderson is hit by Dylan Blujus and loses puck.
11:39 of 2nd period - Snap shot by Anthony Richard.
11:39 of 2nd period - Shot Blocked by Ville Pokka.
11:47 of 2nd period - Shane Gersich is hit by Dylan Sikura and loses puck.
12:50 of 2nd period - Frederic Allard is hit by Shane Gersich and loses puck.
13:05 of 2nd period - Reece Willcox is hit by Joachim Blichfeld and loses puck.
13:22 of 2nd period - Wrist shot by Trey Fix-Wolansky.
13:22 of 2nd period - Deflect By Rasmus Kupari.
13:22 of 2nd period - Stopped by Danil Tarasov with a rebound.
13:34 of 2nd period - Minor Penalty to Radel Fazleev for Interference.
13:35 of 2nd period - Rourke Chartier wins face-off versus Emile Poirier in Little Stars zone.
14:49 of 2nd period - Slapshot by Samuel Girard.
14:49 of 2nd period - Shot Misses the Net.
15:23 of 2nd period - Jason Dickinson is hit by Joachim Blichfeld and loses puck.
15:34 of 2nd period - Penalty to Radel Fazleev is over, Radel Fazleev is back on ice.
15:42 of 2nd period - Slapshot by Ville Pokka.
15:42 of 2nd period - Stopped by Emil Larmi without a rebound.
15:43 of 2nd period - Radel Fazleev wins face-off versus Rasmus Kupari in Thunderbirds zone.
15:44 of 2nd period - Slapshot by Aidan Mcdonough.
15:44 of 2nd period - Shot Misses the Net.
16:06 of 2nd period - Wrist shot by Rasmus Kupari.
16:06 of 2nd period - Shot Blocked by Justin Auger.
16:10 of 2nd period - Backhand shot by Trey Fix-Wolansky.
16:10 of 2nd period - Deflect By Rasmus Kupari.
16:10 of 2nd period - Stopped by Danil Tarasov with a rebound.
16:12 of 2nd period - Slapshot by Artturi Lehkonen.
16:12 of 2nd period - Shot Blocked by Justin Auger.
16:14 of 2nd period - Snap shot by Rasmus Kupari.
16:14 of 2nd period - Goal by Rasmus Kupari - Thunderbirds : 3 - Little Stars : 1.
16:15 of 2nd period - Rourke Chartier wins face-off versus Emile Poirier in neutral zone.
16:20 of 2nd period - Shane Gersich is hit by Jeremy Lauzon and loses puck.
16:29 of 2nd period - Slapshot by Reece Willcox.
16:29 of 2nd period - Shot Blocked by Jeremy Lauzon.
16:31 of 2nd period - Slapshot by Reece Willcox.
16:31 of 2nd period - Shot Misses the Net.
16:41 of 2nd period - Snap shot by Radel Fazleev.
16:41 of 2nd period - Stopped by Emil Larmi without a rebound.
16:42 of 2nd period - Anthony Richard wins face-off versus Radel Fazleev in Thunderbirds zone.
17:55 of 2nd period - Minor Penalty to Jeremy Lauzon for High sticking.
17:56 of 2nd period - Trent Frederic wins face-off versus Emile Poirier in Thunderbirds zone.
18:30 of 2nd period - Wrist shot by Shane Gersich.
18:30 of 2nd period - Shot Misses the Net.
18:46 of 2nd period - Slapshot by Shane Gersich.
18:46 of 2nd period - Shot Misses the Net.
18:48 of 2nd period - Slapshot by Reece Willcox.
18:48 of 2nd period - Shot Misses the Net.
19:12 of 2nd period - Snap shot by Emile Poirier.
19:12 of 2nd period - Shot Blocked by Dylan Blujus.
19:14 of 2nd period - Slapshot by Reece Willcox.
19:14 of 2nd period - Stopped by Emil Larmi with a rebound.
19:16 of 2nd period - Wrist shot by Emile Poirier.
19:16 of 2nd period - Stopped by Emil Larmi without a rebound.
19:17 of 2nd period - Jason Dickinson wins face-off versus Anthony Richard in Thunderbirds zone.
19:55 of 2nd period - Penalty to Jeremy Lauzon is over, Jeremy Lauzon is back on ice.
Goals for this period are 2 for Thunderbirds vs 1 for Little Stars.
Shots for this period are 11 for Thunderbirds vs 8 for Little Stars.
3rd period
0:01 of 3rd period - Emile Poirier wins face-off versus Rourke Chartier in neutral zone.
0:47 of 3rd period - Tucker Poolman is hit by Henri Jokiharju and loses puck.
1:16 of 3rd period - Slapshot by Henri Jokiharju.
1:16 of 3rd period - Shot Blocked by Justin Auger.
1:57 of 3rd period - Wrist shot by Aidan Mcdonough.
1:57 of 3rd period - Stopped by Emil Larmi with a rebound.
2:03 of 3rd period - Minor Penalty to Rourke Chartier for Delaying the game.
2:04 of 3rd period - Trent Frederic wins face-off versus Emile Poirier in Thunderbirds zone.
2:43 of 3rd period - Dylan Sikura is hit by Jason Dickinson and loses puck.
4:03 of 3rd period - Penalty to Rourke Chartier is over, Rourke Chartier is back on ice.
6:13 of 3rd period - Icing by Lawrence Pilut.
6:14 of 3rd period - Rasmus Kupari wins face-off versus Filip Chytil in Little Stars zone.
6:15 of 3rd period - Wrist shot by Artturi Lehkonen.
6:15 of 3rd period - Stopped by Danil Tarasov without a rebound.
6:16 of 3rd period - Rasmus Kupari wins face-off versus Jason Dickinson in Little Stars zone.
6:19 of 3rd period - Wrist shot by Trey Fix-Wolansky.
6:19 of 3rd period - Stopped by Danil Tarasov with a rebound.
6:33 of 3rd period - Slapshot by Rasmus Kupari.
6:33 of 3rd period - Shot Blocked by Samuel Girard.
6:37 of 3rd period - Wrist shot by Artturi Lehkonen.
6:37 of 3rd period - Shot Blocked by Emile Poirier.
6:39 of 3rd period - Slapshot by Rasmus Kupari.
6:39 of 3rd period - Goal by Rasmus Kupari - Thunderbirds : 4 - Little Stars : 1.
6:40 of 3rd period - Emile Poirier wins face-off versus Rourke Chartier in neutral zone.
6:54 of 3rd period - Snap shot by Joachim Blichfeld.
6:54 of 3rd period - Stopped by Danil Tarasov with a rebound.
6:56 of 3rd period - Slapshot by Jeremy Lauzon.
6:56 of 3rd period - Stopped by Danil Tarasov with a rebound.
7:37 of 3rd period - Slapshot by Rasmus Kupari.
7:37 of 3rd period - Stopped by Danil Tarasov with a rebound.
7:47 of 3rd period - Frederic Allard is hit by Justin Auger and loses puck.
8:12 of 3rd period - Snap shot by Emil Bemstrom.
8:12 of 3rd period - Stopped by Danil Tarasov without a rebound.
8:13 of 3rd period - Rourke Chartier wins face-off versus Justin Auger in Little Stars zone.
8:20 of 3rd period - Snap shot by Rourke Chartier.
8:20 of 3rd period - Stopped by Danil Tarasov with a rebound.
8:36 of 3rd period - Minor Penalty to Shane Gersich for Cross-checking.
8:37 of 3rd period - Emile Poirier wins face-off versus Rourke Chartier in Little Stars zone.
10:36 of 3rd period - Penalty to Shane Gersich is over, Shane Gersich is back on ice.
10:40 of 3rd period - Jeremy Lauzon is hit by Shane Gersich and loses puck.
11:01 of 3rd period - Dylan Blujus is hit by Joey Anderson.
11:05 of 3rd period - Calen Addison is hit by Radel Fazleev and loses puck.
11:18 of 3rd period - Matt Luff is hit by Dylan Sikura and loses puck.
12:05 of 3rd period - Snap shot by Justin Auger.
12:05 of 3rd period - Shot Misses the Net.
13:51 of 3rd period - Joey Anderson is hit by Calen Addison and loses puck.
14:16 of 3rd period - Slapshot by Tucker Poolman.
14:16 of 3rd period - Deflect By Shane Gersich.
14:16 of 3rd period - Shot Misses the Net.
14:16 of 3rd period - Puck is out of play.
14:17 of 3rd period - Justin Auger wins face-off versus Trent Frederic in Thunderbirds zone.
14:18 of 3rd period - Snap shot by Shane Gersich.
14:18 of 3rd period - Shot Misses the Net.
14:26 of 3rd period - Shane Gersich is hit by Emil Bemstrom and loses puck.
14:39 of 3rd period - Slapshot by Rourke Chartier.
14:39 of 3rd period - Stopped by Danil Tarasov with a rebound.
14:41 of 3rd period - Snap shot by Rourke Chartier.
14:41 of 3rd period - Shot Blocked by Lawrence Pilut.
14:55 of 3rd period - Cal Burke is hit by Dylan Sikura and loses puck.
15:53 of 3rd period - Pierre Engvall is hit by Samuel Girard and loses puck.
16:06 of 3rd period - Snap shot by Anthony Richard.
16:06 of 3rd period - Stopped by Danil Tarasov with a rebound.
16:36 of 3rd period - Wrist shot by Radel Fazleev.
16:36 of 3rd period - Stopped by Emil Larmi with a rebound.
16:48 of 3rd period - Snap shot by Rasmus Kupari.
16:48 of 3rd period - Stopped by Danil Tarasov without a rebound.
16:49 of 3rd period - Justin Auger wins face-off versus Rourke Chartier in Little Stars zone.
17:13 of 3rd period - Cal Burke is hit by Dylan Sikura and loses puck.
17:25 of 3rd period - Minor Penalty to Jeremy Lauzon for Checking from behind.
17:26 of 3rd period - Emile Poirier wins face-off versus Trent Frederic in Thunderbirds zone.
17:42 of 3rd period - Wrist shot by Shane Gersich.
17:42 of 3rd period - Shot Misses the Net.
19:16 of 3rd period - Minor Penalty to Trey Fix-Wolansky for Slashing.
19:17 of 3rd period - Trent Frederic wins face-off versus Emile Poirier in Thunderbirds zone.
19:25 of 3rd period - Penalty to Jeremy Lauzon is over, Jeremy Lauzon is back on ice.
Goals for this period are 1 for Thunderbirds vs 0 for Little Stars.
Shots for this period are 11 for Thunderbirds vs 2 for Little Stars.